Penguins vs Flames

Created - 25 mars 2016 at 20:04

Goals
1 2 3 T
Penguins 0 1 0 1
Flames 2 2 1 5
Shots
1 2 3 T
Penguins 14 19 6 39
Flames 8 10 15 33

1st period

1. Flames , Patrik Berglund 12 (Tomas Kaberle) at 2:46
2. Flames , Eric Staal 42 (David Backes) at 8:24 (PP)

Penalties :
Dion Phaneuf (Pit) for Hooking (Minor) at 8:18, Alexander Semin (Cal) for Roughing (Minor) at 11:12

2nd period

3. Flames , Steve Regier 16 (Patrik Berglund, Joe Corvo) at 2:56
4. Penguins , Bobby Ryan 30 (Brooks Orpik, Steven Stamkos) at 8:08 (PP)
5. Flames , Jordin Tootoo 12 (Filip Kuba, Marcel Goc) at 15:41

Penalties :
Colin Wilson (Cal) for Charging (Minor) at 4:02, Eric Staal (Cal) for Holding (Minor) at 7:32, Eric Staal (Cal) for Slashing (Minor) at 16:53

3rd period

6. Flames , Steve Regier 17 (Filip Kuba, Milan Hejduk) at 0:53

Penalties :
Brendan Smith (Pit) for Tripping (Minor) at 10:20

Goalie Stats

Brian Elliott (Pit), 14 saves from 18 shots - (0,778), L, 36-22-3, 35:41 minutes
Josh Tordjman (Pit), 14 saves from 15 shots - (0,933), 24:19 minutes
Craig Anderson (Cal), 38 saves from 39 shots - (0,974), W, 9-2-1, 60:00 minutes

Players Stats for Penguins

Player Name              G  A  P  +/- PIM S  H  SB GA TA FO     MP     PP MP  PK MP  
------------------------------------------------------------------------------------
Bobby Ryan               1  0  1   0  0   3  4  0  1  0  0/0    17:41   4:02   0:09 
Brendan Smith            0  0  0  -3  2   1  2  0  0  1  0/0    13:03   0:00   0:00 
Brian McGrattan          0  0  0   0  0   1  1  0  1  0  0/0     7:37   0:00   0:00 
Brooks Orpik             0  1  1  -1  0   0  2  0  0  0  0/0    17:36   1:26   0:46 
David Jones              0  0  0  -2  0   4  0  0  0  1  0/0    12:18   0:00   0:00 
Denis Arkhipov           0  0  0   0  0   0  2  0  0  0  0/1     8:02   0:00   0:25 
Dion Phaneuf             0  0  0   0  2   2  1  3  1  1  0/0    29:32   5:07   1:13 
Duncan Keith             0  0  0  -1  0   1  0  0  0  1  0/0    17:42   1:26   0:52 
Dustin Penner            0  0  0   0  0   2  2  0  0  0  0/0    18:32   4:02   0:41 
Ladislav Nagy            0  0  0   0  0   3  1  0  0  0  0/0     7:46   0:00   0:09 
Nathan Horton            0  0  0  -2  0   1  0  0  0  0  0/1    20:47   2:31   0:38 
Oleg Kvasha              0  0  0  -2  0   1  2  0  1  0  4/7    12:18   0:00   0:00 
Paul Ranger              0  0  0  -3  0   0  0  1  0  0  0/0    12:45   0:00   0:00 
Ryan Kesler              0  0  0  -2  0   5  0  0  1  0  13/35  21:30   2:31   1:02 
Sean Zimmerman           0  0  0   0  0   0  2  1  0  2  0/0    29:39   5:07   1:19 
Simon Gagné              0  0  0  -2  0   4  4  2  0  0  1/1    21:15   2:31   1:06 
Steve Sullivan           0  0  0  -2  0   5  1  0  0  0  1/1    12:18   0:00   0:00 
Steven Stamkos           0  1  1   0  0   6  1  1  2  0  9/12   17:32   4:02   0:00 

Players Stats for Flames

Player Name              G  A  P  +/- PIM S  H  SB GA TA FO     MP     PP MP  PK MP  
------------------------------------------------------------------------------------
Alexander Semin          0  0  0   0  2   4  2  0  1  0  0/1    18:42   1:10   0:29 
Brad Marchand            0  0  0   0  0   2  2  0  0  0  0/0    10:05   0:00   0:50 
Colin Wilson             0  0  0   0  2   1  1  0  0  0  2/4     9:34   0:00   0:14 
Craig Adams              0  0  0   0  0   1  0  0  0  0  1/1     9:15   0:00   0:00 
David Backes             0  1  1   0  0   3  0  0  1  0  1/1    21:33   1:10   3:13 
Eric Staal               1  0  1   0  4   6  3  0  0  0  14/30  20:21   1:10   1:30 
Erik Johnson             0  0  0   1  0   3  1  2  0  1  0/0    19:52   1:26   2:28 
Filip Kuba               0  2  2   2  0   3  2  3  0  0  0/0    21:37   1:26   0:00 
Joe Corvo                0  1  1   1  0   0  1  2  0  1  0/0    15:05   0:39   0:00 
Jordin Tootoo            1  0  1   1  0   2  0  0  1  0  0/0    15:53   0:00   2:01 
Marcel Goc               0  1  1   1  0   3  2  0  1  0  8/13   18:50   0:00   4:49 
Mark Bell                0  0  0   1  0   0  0  1  0  2  0/1    13:10   0:00   0:00 
Milan Hejduk             0  1  1   3  0   0  0  0  0  0  0/0    12:00   0:55   0:00 
Patrik Berglund          1  1  2   3  0   2  2  0  0  0  4/7    12:00   0:55   0:00 
Ron Hainsey              0  0  0   1  0   0  0  0  0  1  0/0    19:19   0:00   4:05 
Steve Eminger            0  0  0   2  0   1  4  3  1  1  0/0    25:03   0:00   4:05 
Steve Regier             2  0  2   3  0   2  3  0  0  1  0/0    12:00   0:55   0:00 
Tomas Kaberle            0  1  1   1  0   0  1  1  1  0  0/0    19:04   0:39   2:28 

3 Stars

1 - Steve Regier (Cal)
2 - Patrik Berglund (Cal)
3 - Craig Anderson (Cal)

Power Play

Penguins - 1 on 4 Attempt(s) - 25,00%
Flames - 1 on 2 Attempt(s) - 50,00%

Penalty Kill

Penguins - 1 on 2 Attempt(s) - 50,00% - Score 0 goal in Penalty Kill
Flames - 3 on 4 Attempt(s) - 75,00% - Score 0 goal in Penalty Kill

Team Stat

Penguins - Hits : 25 - Faceoff Wins : 28 - Blocked Shots : 8 - Penalty Minutes : 4
Flames - Hits : 24 - Faceoff Wins : 30 - Blocked Shots : 12 - Penalty Minutes : 8

Official

Referees : Kowal Tom and Walkom Stephen
Linesman : Mark Wheler and Darren Gibbs

Game Notes

Josh Tordjman enters game at 15:41 of 2nd period

Finance

Level 1 -- Attendance: 5431 (90,52%) -- Ticket Income 477 928 $
Level 2 -- Attendance: 3683 (73,66%) -- Ticket Income 209 931 $
Level 3 -- Attendance: 1525 (76,25%) -- Ticket Income 50 325 $
Level 4 -- Attendance: 2982 (74,55%) -- Ticket Income 71 568 $
Luxury Box -- Attendance: 712 (71,20%) -- Ticket Income 143 112 $
Game was played at the Metal Center.
Total Attendance: 14333 (79,63%)
Total Ticket Income: 952 864 $
Other Income: 142 930 $
Total Income: 1 095 794 $

Penguins

5 vs 5 Forward 
   Center                   Left Wing                Right Wing               Time % Phy DF OF 
 1 Ryan Kesler              Simon Gagné              Nathan Horton            40     0   2  3  
 2 Steven Stamkos           Dustin Penner            Bobby Ryan               30     0   2  3  
 3 Oleg Kvasha              Steve Sullivan           David Jones              20     0   2  3  
 4 Denis Arkhipov           Ladislav Nagy            Brian McGrattan          10     0   2  3  

5 vs 5 Defense 
   Defense                  Defense                                           Time % Phy DF OF 
 1 Sean Zimmerman           Dion Phaneuf                                      40     0   2  3  
 2 Brooks Orpik             Duncan Keith                                      30     0   2  3  
 3 Paul Ranger              Brendan Smith                                     20     0   2  3  
 4 Sean Zimmerman           Dion Phaneuf                                      10     0   2  3  

PowerPlay Forward 
   Center                   Left Wing                Right Wing               Time % Phy DF OF 
 1 Ryan Kesler              Simon Gagné              Nathan Horton            60     0   2  3  
 2 Steven Stamkos           Dustin Penner            Bobby Ryan               40     0   2  3  

PowerPlay Defense
   Defense                  Defense                                           Time % Phy DF OF 
 1 Sean Zimmerman           Dion Phaneuf                                      60     0   2  3  
 2 Brooks Orpik             Duncan Keith                                      40     0   2  3  

Penalty Kill 4 Players Forward 
   Center                   Wing                     Time % Phy DF OF 
 1 Ryan Kesler              Simon Gagné              60     0   3  2  
 2 Nathan Horton            Bobby Ryan               40     0   3  2  

Penalty Kill 4 Players Defense
   Defense                  Defense                  Time % Phy DF OF 
 1 Sean Zimmerman           Dion Phaneuf             60     0   3  2  
 2 Brooks Orpik             Duncan Keith             40     0   3  2  

Penalty Kill - 3 Players Forward 
   Forward                                           Time % Phy DF OF 
 1 Ryan Kesler                                       60     0   3  2  
 2 Simon Gagné                                       40     0   3  2  

Penalty Kill - 3 Players Defense
   Defense                  Defense                  Time % Phy DF OF 
 1 Sean Zimmerman           Dion Phaneuf             60     0   3  2  
 2 Brooks Orpik             Duncan Keith             40     0   3  2  

4 vs 4 Forward 
   Center                   Wing                     Time % Phy DF OF 
 1 Ryan Kesler              Simon Gagné              60     0   2  3  
 2 Nathan Horton            Bobby Ryan               40     0   2  3  

4 vs 4 Defense
   Defense                  Defense                  Time % Phy DF OF 
 1 Sean Zimmerman           Dion Phaneuf             60     0   2  3  
 2 Brooks Orpik             Duncan Keith             40     0   2  3  

Last Minutes Offensive
   Center                   Left Wing                Right Wing               Defense                  Defense                  
   Ryan Kesler              Simon Gagné              Nathan Horton            Sean Zimmerman           Dion Phaneuf             

Last Minutes Defensive
   Center                   Left Wing                Right Wing               Defense                  Defense                  
   Ryan Kesler              Simon Gagné              Nathan Horton            Sean Zimmerman           Dion Phaneuf             

Goaltenders
Starting : Brian Elliott            
Backup : Josh Tordjman            

Extra Forwards
Normal : Steven Stamkos, Ryan Kesler, Oleg Kvasha - PP : Steven Stamkos, Ryan Kesler - PK : Nathan Horton
Extra Defensemen
Normal : Dion Phaneuf, Duncan Keith, Brendan Smith - PP : Brendan Smith - PK : Dion Phaneuf, Duncan Keith
Penalty Shots
Ryan Kesler, Simon Gagné, Nathan Horton, Bobby Ryan, Dustin Penner

Flames

5 vs 5 Forward 
   Center                   Left Wing                Right Wing               Time % Phy DF OF 
 1 Eric Staal               Alexander Semin          David Backes             39     1   2  2  
 2 Marcel Goc               Mark Bell                Jordin Tootoo            30     1   2  2  
 3 Patrik Berglund          Steve Regier             Milan Hejduk             21     1   2  2  
 4 Colin Wilson             Brad Marchand            Craig Adams              10     1   2  2  

5 vs 5 Defense 
   Defense                  Defense                                           Time % Phy DF OF 
 1 Filip Kuba               Steve Eminger                                     40     1   2  2  
 2 Tomas Kaberle            Erik Johnson                                      30     1   2  2  
 3 Ron Hainsey              Joe Corvo                                         20     1   2  2  
 4 Filip Kuba               Steve Eminger                                     10     1   2  2  

PowerPlay Forward 
   Center                   Left Wing                Right Wing               Time % Phy DF OF 
 1 Eric Staal               Alexander Semin          David Backes             60     1   2  2  
 2 Patrik Berglund          Steve Regier             Milan Hejduk             40     1   2  2  

PowerPlay Defense
   Defense                  Defense                                           Time % Phy DF OF 
 1 Filip Kuba               Erik Johnson                                      60     1   2  2  
 2 Tomas Kaberle            Joe Corvo                                         40     1   2  2  

Penalty Kill 4 Players Forward 
   Center                   Wing                     Time % Phy DF OF 
 1 Marcel Goc               David Backes             60     1   3  1  
 2 Eric Staal               Jordin Tootoo            40     1   3  1  

Penalty Kill 4 Players Defense
   Defense                  Defense                  Time % Phy DF OF 
 1 Ron Hainsey              Steve Eminger            60     1   3  1  
 2 Tomas Kaberle            Erik Johnson             40     1   3  1  

Penalty Kill - 3 Players Forward 
   Forward                                           Time % Phy DF OF 
 1 Eric Staal                                        60     1   4  0  
 2 David Backes                                      40     1   4  0  

Penalty Kill - 3 Players Defense
   Defense                  Defense                  Time % Phy DF OF 
 1 Ron Hainsey              Steve Eminger            60     1   4  0  
 2 Tomas Kaberle            Erik Johnson             40     1   4  0  

4 vs 4 Forward 
   Center                   Wing                     Time % Phy DF OF 
 1 Eric Staal               Alexander Semin          60     1   2  2  
 2 Marcel Goc               David Backes             40     1   2  2  

4 vs 4 Defense
   Defense                  Defense                  Time % Phy DF OF 
 1 Filip Kuba               Steve Eminger            60     1   2  2  
 2 Tomas Kaberle            Erik Johnson             40     1   2  2  

Last Minutes Offensive
   Center                   Left Wing                Right Wing               Defense                  Defense                  
   Eric Staal               Alexander Semin          David Backes             Filip Kuba               Steve Eminger            

Last Minutes Defensive
   Center                   Left Wing                Right Wing               Defense                  Defense                  
   Eric Staal               Alexander Semin          David Backes             Filip Kuba               Steve Eminger            

Goaltenders
Starting : Craig Anderson           
Backup : Pekka Rinne              

Extra Forwards
Normal : Alexander Semin, Jordin Tootoo, Mark Bell - PP : Milan Hejduk, Brad Marchand - PK : David Backes
Extra Defensemen
Normal : Erik Johnson, Joe Corvo, Tomas Kaberle - PP : Filip Kuba - PK : Erik Johnson, Ron Hainsey
Penalty Shots
Eric Staal, Alexander Semin, David Backes, Patrik Berglund, Mark Bell

% Time on Ice - Penguins

Lines # - Real PCT - Wanted PCT - Time Play
Normal Forward
1 - 35% - 40% - 17:57
2 - 26% - 30% - 13:30
3 - 24% - 20% - 12:18
4 - 15% - 10% - 7:37
Normal Defense
1 - 38% - 40% - 19:32
2 - 30% - 30% - 15:24
3 - 25% - 20% - 12:45
4 - 7% - 10% - 3:41
PP Forward
1 - 38% - 60% - 2:31
2 - 62% - 40% - 4:02
PP Defense
1 - 78% - 60% - 5:07
2 - 22% - 40% - 1:26
PK Forward
1 - 93% - 60% - 1:56
2 - 7% - 40% - 0:09
PK Defense
1 - 63% - 60% - 1:19
2 - 37% - 40% - 0:46
PK3 Forward
1 - 0% - 60%
2 - 0% - 40%
PK3 Defense
1 - 0% - 60%
2 - 0% - 40%
44 Forward
1 - 0% - 60%
2 - 0% - 40%
44 Defense
1 - 0% - 60%
2 - 0% - 40%
Last Minute Offensive  - 0:00
Last Minute Defensive  - 0:00
Total
Forward - 60:00
Defense - 60:00

% Time on Ice - Flames

Lines # - Real PCT - Wanted PCT - Time Play
Normal Forward
1 - 33% - 39% - 17:10
2 - 27% - 30% - 13:54
3 - 22% - 21% - 11:03
4 - 18% - 10% - 9:15
Normal Defense
1 - 37% - 40% - 19:12
2 - 30% - 30% - 15:39
3 - 28% - 20% - 14:26
4 - 4% - 10% - 2:05
PP Forward
1 - 56% - 60% - 1:10
2 - 44% - 40% - 0:55
PP Defense
1 - 69% - 60% - 1:26
2 - 31% - 40% - 0:39
PK Forward
1 - 69% - 60% - 4:32
2 - 31% - 40% - 2:01
PK Defense
1 - 62% - 60% - 4:05
2 - 38% - 40% - 2:28
PK3 Forward
1 - 0% - 60%
2 - 0% - 40%
PK3 Defense
1 - 0% - 60%
2 - 0% - 40%
44 Forward
1 - 0% - 60%
2 - 0% - 40%
44 Defense
1 - 0% - 60%
2 - 0% - 40%
Last Minute Offensive  - 0:00
Last Minute Defensive  - 0:00
Total
Forward - 60:00
Defense - 60:00

Play by Play

1st period


0:01 of 1st period - Ryan Kesler wins face-off versus Eric Staal in neutral zone.
0:06 of 1st period - Wrist shot by Ryan Kesler.
0:06 of 1st period - Stopped by Craig Anderson with a rebound.
0:25 of 1st period - Mark Bell is hit by Dion Phaneuf and loses puck.
0:54 of 1st period - Dion Phaneuf is hit by Patrik Berglund and loses puck.
1:07 of 1st period - Sean Zimmerman is hit by Brad Marchand.
1:15 of 1st period - Wrist shot by Dion Phaneuf.
1:15 of 1st period - Shot Misses the Net.
1:37 of 1st period - Snap shot by Ryan Kesler.
1:37 of 1st period - Shot Blocked by Filip Kuba.
1:39 of 1st period - Snap shot by Nathan Horton.
1:39 of 1st period - Shot Misses the Net.
1:41 of 1st period - Snap shot by Nathan Horton.
1:41 of 1st period - Shot Blocked by Steve Eminger.
1:43 of 1st period - Slapshot by Sean Zimmerman.
1:43 of 1st period - Shot Blocked by Filip Kuba.
1:45 of 1st period - Snap shot by Ryan Kesler.
1:45 of 1st period - Deflect By Filip Kuba.
1:45 of 1st period - Shot Misses the Net.
1:45 of 1st period - Puck is out of play.
1:46 of 1st period - Marcel Goc wins face-off versus Denis Arkhipov in Flames zone.
1:46 of 1st period - Marcel Goc is hit by Brian McGrattan.
2:16 of 1st period - David Backes is hit by Simon Gagné.
2:34 of 1st period - Wrist shot by Steve Sullivan.
2:34 of 1st period - Stopped by Craig Anderson without a rebound.
2:35 of 1st period - Patrik Berglund wins face-off versus Oleg Kvasha in Flames zone.
2:46 of 1st period - Snap shot by Patrik Berglund.
2:46 of 1st period - Goal by Patrik Berglund - Penguins : 0 - Flames : 1.
2:47 of 1st period - Ryan Kesler wins face-off versus Marcel Goc in neutral zone.
3:14 of 1st period - Eric Staal is hit by Bobby Ryan and loses puck.
5:01 of 1st period - Snap shot by Oleg Kvasha.
5:01 of 1st period - Stopped by Craig Anderson with a rebound.
5:23 of 1st period - Wrist shot by Brian McGrattan.
5:23 of 1st period - Stopped by Craig Anderson with a rebound.
5:25 of 1st period - Wrist shot by Ladislav Nagy.
5:25 of 1st period - Stopped by Craig Anderson without a rebound.
5:26 of 1st period - Eric Staal wins face-off versus Ryan Kesler in Flames zone.
5:51 of 1st period - Tomas Kaberle is hit by Sean Zimmerman and loses puck.
6:59 of 1st period - Snap shot by Simon Gagné.
6:59 of 1st period - Shot Blocked by Filip Kuba.
7:01 of 1st period - Slapshot by Ryan Kesler.
7:01 of 1st period - Stopped by Craig Anderson without a rebound.
7:02 of 1st period - Marcel Goc wins face-off versus Ryan Kesler in Flames zone.
7:38 of 1st period - Icing by Joe Corvo.
7:39 of 1st period - Steven Stamkos wins face-off versus Patrik Berglund in Flames zone.
7:50 of 1st period - Snap shot by Patrik Berglund.
7:50 of 1st period - Shot Misses the Net.
7:52 of 1st period - Slapshot by Ron Hainsey.
7:52 of 1st period - Shot Misses the Net.
7:54 of 1st period - Slapshot by Ron Hainsey.
7:54 of 1st period - Shot Misses the Net.
7:56 of 1st period - Slapshot by Ron Hainsey.
7:56 of 1st period - Deflect By Patrik Berglund.
7:56 of 1st period - Shot Misses the Net.
7:56 of 1st period - Puck is out of play.
7:57 of 1st period - Eric Staal wins face-off versus Oleg Kvasha in Penguins zone.
7:58 of 1st period - Wrist shot by Alexander Semin.
7:58 of 1st period - Shot Hit the Post.
8:00 of 1st period - Wrist shot by David Backes.
8:00 of 1st period - Shot Blocked by Dion Phaneuf.
8:02 of 1st period - Snap shot by Eric Staal.
8:02 of 1st period - Stopped by Brian Elliott with a rebound.
8:18 of 1st period - Minor Penalty to Dion Phaneuf for Hooking.
8:19 of 1st period - Eric Staal wins face-off versus Ryan Kesler in Penguins zone.
8:20 of 1st period - Snap shot by David Backes.
8:20 of 1st period - Stopped by Brian Elliott without a rebound.
8:21 of 1st period - David Backes wins face-off versus Ryan Kesler in Penguins zone.
8:24 of 1st period - Wrist shot by Eric Staal.
8:24 of 1st period - Goal by Eric Staal - Penguins : 0 - Flames : 2.
8:25 of 1st period - Marcel Goc wins face-off versus Ryan Kesler in neutral zone.
8:38 of 1st period - Wrist shot by Marcel Goc.
8:38 of 1st period - Stopped by Brian Elliott with a rebound.
8:52 of 1st period - Dustin Penner is hit by Eric Staal and loses puck.
9:18 of 1st period - Snap shot by David Jones.
9:18 of 1st period - Stopped by Craig Anderson without a rebound.
9:19 of 1st period - Ryan Kesler wins face-off versus Marcel Goc in Flames zone.
9:26 of 1st period - Steve Eminger is hit by Brendan Smith and loses puck.
9:32 of 1st period - Off-side.
9:33 of 1st period - Steven Stamkos wins face-off versus Eric Staal in neutral zone.
9:59 of 1st period - Steve Eminger is hit by Simon Gagné and loses puck.
10:26 of 1st period - Brooks Orpik is hit by Colin Wilson and loses puck.
10:31 of 1st period - Snap shot by Brad Marchand.
10:31 of 1st period - Shot Misses the Net.
10:49 of 1st period - Steve Regier is hit by Ladislav Nagy and loses puck.
11:05 of 1st period - Off-side.
11:06 of 1st period - Steven Stamkos wins face-off versus Eric Staal in neutral zone.
11:12 of 1st period - Minor Penalty to Alexander Semin for Roughing.
11:13 of 1st period - Marcel Goc wins face-off versus Ryan Kesler in Flames zone.
12:14 of 1st period - Tomas Kaberle is hit by Bobby Ryan and loses puck.
12:52 of 1st period - Icing by Nathan Horton.
12:53 of 1st period - Ryan Kesler wins face-off versus Colin Wilson in Penguins zone.
13:12 of 1st period - Penalty to Alexander Semin is over, Alexander Semin is back on ice.
13:22 of 1st period - Dion Phaneuf is hit by Filip Kuba.
13:26 of 1st period - Slapshot by Steve Eminger.
13:26 of 1st period - Shot Blocked by Dion Phaneuf.
13:28 of 1st period - Slapshot by Steve Eminger.
13:28 of 1st period - Stopped by Brian Elliott with a rebound.
13:30 of 1st period - Slapshot by Milan Hejduk.
13:30 of 1st period - Shot Misses the Net.
13:50 of 1st period - Sean Zimmerman is hit by Brad Marchand and loses puck.
14:01 of 1st period - Snap shot by Dion Phaneuf.
14:01 of 1st period - Shot Misses the Net.
14:03 of 1st period - Slapshot by Bobby Ryan.
14:03 of 1st period - Stopped by Craig Anderson without a rebound.
14:04 of 1st period - Eric Staal wins face-off versus Steven Stamkos in Flames zone.
14:57 of 1st period - Wrist shot by Steve Sullivan.
14:57 of 1st period - Stopped by Craig Anderson without a rebound.
14:58 of 1st period - Oleg Kvasha wins face-off versus Alexander Semin in Flames zone.
14:59 of 1st period - Snap shot by Steve Sullivan.
14:59 of 1st period - Stopped by Craig Anderson without a rebound.
15:00 of 1st period - Oleg Kvasha wins face-off versus Eric Staal in Flames zone.
15:03 of 1st period - Slapshot by Steve Sullivan.
15:03 of 1st period - Shot Misses the Net.
15:05 of 1st period - Slapshot by Duncan Keith.
15:05 of 1st period - Shot Misses the Net.
15:07 of 1st period - Slapshot by Duncan Keith.
15:07 of 1st period - Stopped by Craig Anderson with a rebound.
15:09 of 1st period - Slapshot by Brooks Orpik.
15:09 of 1st period - Shot Misses the Net.
15:30 of 1st period - Sean Zimmerman is hit by Steve Eminger and loses puck.
16:09 of 1st period - Snap shot by Simon Gagné.
16:09 of 1st period - Stopped by Craig Anderson with a rebound.
16:11 of 1st period - Snap shot by Simon Gagné.
16:11 of 1st period - Stopped by Craig Anderson with a rebound.
17:07 of 1st period - Off-side.
17:08 of 1st period - Patrik Berglund wins face-off versus Nathan Horton in neutral zone.
17:42 of 1st period - Slapshot by Eric Staal.
17:42 of 1st period - Deflect By Steven Stamkos.
17:42 of 1st period - Stopped by Brian Elliott with a rebound.
17:58 of 1st period - Wrist shot by Ladislav Nagy.
17:58 of 1st period - Stopped by Craig Anderson with a rebound.
18:00 of 1st period - Slapshot by Denis Arkhipov.
18:00 of 1st period - Shot Blocked by Mark Bell.
18:16 of 1st period - Mark Bell is hit by Simon Gagné and loses puck.
19:15 of 1st period - Icing by Dion Phaneuf.
19:16 of 1st period - Patrik Berglund wins face-off versus Ryan Kesler in Penguins zone.
19:17 of 1st period - Slapshot by Filip Kuba.
19:17 of 1st period - Stopped by Brian Elliott without a rebound.
19:18 of 1st period - Ryan Kesler wins face-off versus Patrik Berglund in Penguins zone.
19:21 of 1st period - Slapshot by Patrik Berglund.
19:21 of 1st period - Shot Misses the Net.
19:43 of 1st period - Slapshot by Erik Johnson.
19:43 of 1st period - Shot Blocked by Sean Zimmerman.
Goals for this period are 0 for Penguins vs 2 for Flames.
Shots for this period are 14 for Penguins vs 8 for Flames.

2nd period


0:01 of 2nd period - Ryan Kesler wins face-off versus Eric Staal in neutral zone.
0:04 of 2nd period - Slapshot by Dion Phaneuf.
0:04 of 2nd period - Stopped by Craig Anderson with a rebound.
0:06 of 2nd period - Snap shot by Simon Gagné.
0:06 of 2nd period - Deflect By Ryan Kesler.
0:06 of 2nd period - Stopped by Craig Anderson with a rebound.
0:51 of 2nd period - Tomas Kaberle is hit by Steve Sullivan and loses puck.
2:31 of 2nd period - Brendan Smith is hit by Alexander Semin and loses puck.
2:50 of 2nd period - Wrist shot by Simon Gagné.
2:50 of 2nd period - Stopped by Craig Anderson with a rebound.
2:56 of 2nd period - Snap shot by Steve Regier.
2:56 of 2nd period - Goal by Steve Regier - Penguins : 0 - Flames : 3.
2:57 of 2nd period - Eric Staal wins face-off versus Ryan Kesler in neutral zone.
3:33 of 2nd period - Slapshot by Steve Eminger.
3:33 of 2nd period - Shot Blocked by Steven Stamkos.
4:02 of 2nd period - Minor Penalty to Colin Wilson for Charging.
4:03 of 2nd period - Marcel Goc wins face-off versus Ryan Kesler in Flames zone.
5:33 of 2nd period - Icing by Sean Zimmerman.
5:34 of 2nd period - Simon Gagné wins face-off versus Eric Staal in Penguins zone.
6:02 of 2nd period - Penalty to Colin Wilson is over, Colin Wilson is back on ice.
6:07 of 2nd period - Wrist shot by Steve Sullivan.
6:07 of 2nd period - Stopped by Craig Anderson without a rebound.
6:08 of 2nd period - Oleg Kvasha wins face-off versus Patrik Berglund in Flames zone.
6:11 of 2nd period - Snap shot by Steve Sullivan.
6:11 of 2nd period - Deflect By David Jones.
6:11 of 2nd period - Stopped by Craig Anderson with a rebound.
6:23 of 2nd period - Slapshot by Erik Johnson.
6:23 of 2nd period - Stopped by Brian Elliott without a rebound.
6:24 of 2nd period - Eric Staal wins face-off versus Ryan Kesler in Penguins zone.
6:35 of 2nd period - Snap shot by David Backes.
6:35 of 2nd period - Stopped by Brian Elliott with a rebound.
6:37 of 2nd period - Snap shot by Alexander Semin.
6:37 of 2nd period - Deflect By Eric Staal.
6:37 of 2nd period - Stopped by Brian Elliott without a rebound.
6:38 of 2nd period - Steven Stamkos wins face-off versus Mark Bell in Penguins zone.
6:38 of 2nd period - Steven Stamkos is hit by Steve Eminger.
7:04 of 2nd period - Filip Kuba is hit by Oleg Kvasha and loses puck.
7:32 of 2nd period - Minor Penalty to Eric Staal for Holding.
7:33 of 2nd period - Marcel Goc wins face-off versus Ryan Kesler in Flames zone.
7:59 of 2nd period - Tomas Kaberle is hit by Steven Stamkos and loses puck.
8:06 of 2nd period - Wrist shot by Steven Stamkos.
8:06 of 2nd period - Stopped by Craig Anderson with a rebound.
8:08 of 2nd period - Slapshot by Brooks Orpik.
8:08 of 2nd period - Deflect By Bobby Ryan.
8:08 of 2nd period - Goal by Bobby Ryan - Penguins : 1 - Flames : 3.
8:09 of 2nd period - Ryan Kesler wins face-off versus Eric Staal in neutral zone.
8:34 of 2nd period - Dustin Penner is hit by Steve Eminger and loses puck.
8:41 of 2nd period - Bobby Ryan is hit by Patrik Berglund and loses puck.
8:58 of 2nd period - Wrist shot by Brad Marchand.
8:58 of 2nd period - Shot Misses the Net.
9:00 of 2nd period - Slapshot by Erik Johnson.
9:00 of 2nd period - Stopped by Brian Elliott without a rebound.
9:01 of 2nd period - Craig Adams wins face-off versus Ryan Kesler in Penguins zone.
9:26 of 2nd period - David Jones is hit by Eric Staal.
9:32 of 2nd period - Snap shot by Alexander Semin.
9:32 of 2nd period - Stopped by Brian Elliott without a rebound.
9:33 of 2nd period - Eric Staal wins face-off versus Ryan Kesler in Penguins zone.
9:58 of 2nd period - Joe Corvo is hit by Bobby Ryan and loses puck.
10:09 of 2nd period - Snap shot by Marcel Goc.
10:09 of 2nd period - Stopped by Brian Elliott with a rebound.
11:33 of 2nd period - Wrist shot by Ryan Kesler.
11:33 of 2nd period - Stopped by Craig Anderson with a rebound.
11:37 of 2nd period - Wrist shot by Ryan Kesler.
11:37 of 2nd period - Shot Hit the Post.
11:39 of 2nd period - Wrist shot by Ryan Kesler.
11:39 of 2nd period - Shot Blocked by Erik Johnson.
11:41 of 2nd period - Snap shot by Ryan Kesler.
11:41 of 2nd period - Deflect By Tomas Kaberle.
11:41 of 2nd period - Stopped by Craig Anderson with a rebound.
11:47 of 2nd period - Ryan Kesler is hit by Marcel Goc and loses puck.
11:52 of 2nd period - Slapshot by Marcel Goc.
11:52 of 2nd period - Deflect By Jordin Tootoo.
11:52 of 2nd period - Shot Misses the Net.
11:52 of 2nd period - Puck is out of play.
11:53 of 2nd period - Steven Stamkos wins face-off versus Eric Staal in Penguins zone.
13:17 of 2nd period - Snap shot by Jordin Tootoo.
13:17 of 2nd period - Shot Misses the Net.
13:19 of 2nd period - Wrist shot by Marcel Goc.
13:19 of 2nd period - Stopped by Brian Elliott without a rebound.
13:20 of 2nd period - Ryan Kesler wins face-off versus Eric Staal in Penguins zone.
13:27 of 2nd period - Wrist shot by Simon Gagné.
13:27 of 2nd period - Deflect By David Backes.
13:27 of 2nd period - Shot Misses the Net.
13:27 of 2nd period - Puck is out of play.
13:28 of 2nd period - Ryan Kesler wins face-off versus Eric Staal in Flames zone.
13:37 of 2nd period - Snap shot by Simon Gagné.
13:37 of 2nd period - Stopped by Craig Anderson without a rebound.
13:38 of 2nd period - Ryan Kesler wins face-off versus Eric Staal in Flames zone.
14:26 of 2nd period - Dion Phaneuf is hit by Steve Regier and loses puck.
14:42 of 2nd period - Icing by Steve Sullivan.
14:43 of 2nd period - Colin Wilson wins face-off versus Oleg Kvasha in Penguins zone.
14:44 of 2nd period - Snap shot by Brad Marchand.
14:44 of 2nd period - Stopped by Brian Elliott with a rebound.
14:58 of 2nd period - Snap shot by Steve Sullivan.
14:58 of 2nd period - Stopped by Craig Anderson with a rebound.
15:00 of 2nd period - Snap shot by Steve Sullivan.
15:00 of 2nd period - Shot Blocked by Joe Corvo.
15:27 of 2nd period - Wrist shot by Steve Sullivan.
15:27 of 2nd period - Shot Blocked by Joe Corvo.
15:29 of 2nd period - Slapshot by Dion Phaneuf.
15:29 of 2nd period - Stopped by Craig Anderson without a rebound.
15:30 of 2nd period - Marcel Goc wins face-off versus Ryan Kesler in Flames zone.
15:41 of 2nd period - Wrist shot by Jordin Tootoo.
15:41 of 2nd period - Goal by Jordin Tootoo - Penguins : 1 - Flames : 4.
15:41 of 2nd period - Josh Tordjman enters game.
15:42 of 2nd period - Eric Staal wins face-off versus Ryan Kesler in neutral zone.
15:51 of 2nd period - Off-side.
15:52 of 2nd period - Ryan Kesler wins face-off versus Eric Staal in neutral zone.
16:40 of 2nd period - Snap shot by Simon Gagné.
16:40 of 2nd period - Shot Misses the Net.
16:53 of 2nd period - Minor Penalty to Eric Staal for Slashing.
16:54 of 2nd period - Steven Stamkos wins face-off versus Marcel Goc in Flames zone.
17:06 of 2nd period - Slapshot by Dustin Penner.
17:06 of 2nd period - Deflect By Steven Stamkos.
17:06 of 2nd period - Stopped by Craig Anderson without a rebound.
17:07 of 2nd period - Steven Stamkos wins face-off versus Marcel Goc in Flames zone.
17:16 of 2nd period - Snap shot by Dustin Penner.
17:16 of 2nd period - Stopped by Craig Anderson without a rebound.
17:17 of 2nd period - Steven Stamkos wins face-off versus Marcel Goc in Flames zone.
17:32 of 2nd period - Snap shot by Steven Stamkos.
17:32 of 2nd period - Stopped by Craig Anderson with a rebound.
17:34 of 2nd period - Snap shot by Sean Zimmerman.
17:34 of 2nd period - Shot Misses the Net.
17:58 of 2nd period - Snap shot by Bobby Ryan.
17:58 of 2nd period - Shot Misses the Net.
18:00 of 2nd period - Snap shot by Bobby Ryan.
18:00 of 2nd period - Shot Misses the Net.
18:24 of 2nd period - Slapshot by Steven Stamkos.
18:24 of 2nd period - Shot Blocked by Steve Eminger.
18:34 of 2nd period - Slapshot by Steven Stamkos.
18:34 of 2nd period - Stopped by Craig Anderson with a rebound.
18:38 of 2nd period - Slapshot by Steven Stamkos.
18:38 of 2nd period - Shot Misses the Net.
18:40 of 2nd period - Snap shot by Dustin Penner.
18:40 of 2nd period - Stopped by Craig Anderson with a rebound.
18:42 of 2nd period - Snap shot by Steven Stamkos.
18:42 of 2nd period - Shot Misses the Net.
18:44 of 2nd period - Wrist shot by Steven Stamkos.
18:44 of 2nd period - Stopped by Craig Anderson with a rebound.
18:53 of 2nd period - Penalty to Eric Staal is over, Eric Staal is back on ice.
19:32 of 2nd period - Snap shot by Dustin Penner.
19:32 of 2nd period - Shot Blocked by Steve Eminger.
19:34 of 2nd period - Snap shot by Bobby Ryan.
19:34 of 2nd period - Stopped by Craig Anderson without a rebound.
19:35 of 2nd period - Patrik Berglund wins face-off versus Ryan Kesler in Flames zone.
Goals for this period are 1 for Penguins vs 2 for Flames.
Shots for this period are 19 for Penguins vs 10 for Flames.

3rd period


0:01 of 3rd period - Ryan Kesler wins face-off versus Eric Staal in neutral zone.
0:26 of 3rd period - Jordin Tootoo is hit by Bobby Ryan and loses puck.
0:53 of 3rd period - Slapshot by Steve Regier.
0:53 of 3rd period - Goal by Steve Regier - Penguins : 1 - Flames : 5.
0:54 of 3rd period - Eric Staal wins face-off versus Ryan Kesler in neutral zone.
1:03 of 3rd period - Snap shot by Eric Staal.
1:03 of 3rd period - Stopped by Josh Tordjman with a rebound.
1:05 of 3rd period - Wrist shot by Eric Staal.
1:05 of 3rd period - Shot Misses the Net.
2:10 of 3rd period - David Backes is hit by Brendan Smith and loses puck.
2:35 of 3rd period - Snap shot by Brad Marchand.
2:35 of 3rd period - Shot Blocked by Dion Phaneuf.
2:37 of 3rd period - Wrist shot by Craig Adams.
2:37 of 3rd period - Shot Misses the Net.
2:39 of 3rd period - Wrist shot by Craig Adams.
2:39 of 3rd period - Stopped by Josh Tordjman with a rebound.
2:41 of 3rd period - Slapshot by Filip Kuba.
2:41 of 3rd period - Stopped by Josh Tordjman with a rebound.
3:13 of 3rd period - Joe Corvo is hit by Sean Zimmerman and loses puck.
3:40 of 3rd period - Steve Sullivan is hit by Alexander Semin.
4:03 of 3rd period - Wrist shot by Nathan Horton.
4:03 of 3rd period - Stopped by Craig Anderson with a rebound.
5:20 of 3rd period - Ryan Kesler is hit by Tomas Kaberle and loses puck.
5:27 of 3rd period - Tomas Kaberle is hit by Simon Gagné.
5:47 of 3rd period - Duncan Keith is hit by Marcel Goc and loses puck.
5:54 of 3rd period - Marcel Goc is hit by Dustin Penner and loses puck.
6:05 of 3rd period - Paul Ranger is hit by Steve Regier and loses puck.
6:10 of 3rd period - Wrist shot by Patrik Berglund.
6:10 of 3rd period - Stopped by Josh Tordjman with a rebound.
6:12 of 3rd period - Wrist shot by Steve Regier.
6:12 of 3rd period - Shot Blocked by Paul Ranger.
7:12 of 3rd period - Brad Marchand is hit by Brooks Orpik and loses puck.
7:28 of 3rd period - Paul Ranger is hit by Filip Kuba and loses puck.
7:35 of 3rd period - Snap shot by Brad Marchand.
7:35 of 3rd period - Stopped by Josh Tordjman without a rebound.
7:36 of 3rd period - Eric Staal wins face-off versus Ryan Kesler in Penguins zone.
7:37 of 3rd period - Snap shot by Alexander Semin.
7:37 of 3rd period - Stopped by Josh Tordjman with a rebound.
7:39 of 3rd period - Snap shot by David Backes.
7:39 of 3rd period - Shot Blocked by Simon Gagné.
7:41 of 3rd period - Snap shot by Alexander Semin.
7:41 of 3rd period - Deflect By Eric Staal.
7:41 of 3rd period - Shot Misses the Net.
7:41 of 3rd period - Puck is out of play.
7:42 of 3rd period - Eric Staal wins face-off versus Ryan Kesler in Penguins zone.
7:56 of 3rd period - Off-side.
7:57 of 3rd period - Marcel Goc wins face-off versus Steven Stamkos in neutral zone.
8:24 of 3rd period - Sean Zimmerman is hit by Steve Regier and loses puck.
9:07 of 3rd period - Brian McGrattan is hit by Erik Johnson and loses puck.
9:28 of 3rd period - Wrist shot by Steven Stamkos.
9:28 of 3rd period - Deflect By Bobby Ryan.
9:28 of 3rd period - Shot Misses the Net.
9:28 of 3rd period - Puck is out of play.
9:29 of 3rd period - Colin Wilson wins face-off versus Steven Stamkos in Flames zone.
9:50 of 3rd period - Joe Corvo is hit by Dustin Penner and loses puck.
9:55 of 3rd period - Snap shot by Steven Stamkos.
9:55 of 3rd period - Stopped by Craig Anderson without a rebound.
9:56 of 3rd period - Eric Staal wins face-off versus Ryan Kesler in Flames zone.
10:20 of 3rd period - Minor Penalty to Brendan Smith for Tripping.
10:21 of 3rd period - Eric Staal wins face-off versus Ryan Kesler in Penguins zone.
10:23 of 3rd period - Snap shot by Alexander Semin.
10:23 of 3rd period - Shot Blocked by Simon Gagné.
10:37 of 3rd period - Snap shot by Alexander Semin.
10:37 of 3rd period - Stopped by Josh Tordjman with a rebound.
10:55 of 3rd period - Backhand shot by Erik Johnson.
10:55 of 3rd period - Deflect By Sean Zimmerman.
10:55 of 3rd period - Stopped by Josh Tordjman with a rebound.
11:51 of 3rd period - Milan Hejduk is hit by Denis Arkhipov and loses puck.
12:20 of 3rd period - Penalty to Brendan Smith is over, Brendan Smith is back on ice.
12:36 of 3rd period - Slapshot by Jordin Tootoo.
12:36 of 3rd period - Stopped by Josh Tordjman with a rebound.
12:38 of 3rd period - Wrist shot by Filip Kuba.
12:38 of 3rd period - Stopped by Josh Tordjman without a rebound.
12:39 of 3rd period - Oleg Kvasha wins face-off versus Colin Wilson in Penguins zone.
13:21 of 3rd period - Backhand shot by Craig Adams.
13:21 of 3rd period - Deflect By Colin Wilson.
13:21 of 3rd period - Stopped by Josh Tordjman without a rebound.
13:22 of 3rd period - Steve Sullivan wins face-off versus Eric Staal in Penguins zone.
14:12 of 3rd period - Wrist shot by Denis Arkhipov.
14:12 of 3rd period - Shot Blocked by Tomas Kaberle.
14:20 of 3rd period - Slapshot by Ladislav Nagy.
14:20 of 3rd period - Shot Blocked by Erik Johnson.
14:22 of 3rd period - Slapshot by Brian McGrattan.
14:22 of 3rd period - Deflect By Ladislav Nagy.
14:22 of 3rd period - Stopped by Craig Anderson with a rebound.
15:08 of 3rd period - Steve Sullivan is hit by Eric Staal and loses puck.
15:55 of 3rd period - Wrist shot by David Jones.
15:55 of 3rd period - Stopped by Craig Anderson with a rebound.
15:57 of 3rd period - Slapshot by Brendan Smith.
15:57 of 3rd period - Stopped by Craig Anderson with a rebound.
15:59 of 3rd period - Wrist shot by David Jones.
15:59 of 3rd period - Deflect By Filip Kuba.
15:59 of 3rd period - Stopped by Craig Anderson without a rebound.
16:00 of 3rd period - Ryan Kesler wins face-off versus Eric Staal in Flames zone.
16:25 of 3rd period - Sean Zimmerman is hit by Joe Corvo and loses puck.
16:54 of 3rd period - Ron Hainsey is hit by Brooks Orpik and loses puck.
18:14 of 3rd period - Craig Adams is hit by Oleg Kvasha and loses puck.
18:47 of 3rd period - Steve Eminger is hit by Denis Arkhipov and loses puck.
19:11 of 3rd period - Duncan Keith is hit by Steve Eminger and loses puck.
19:34 of 3rd period - Icing by Dion Phaneuf.
19:35 of 3rd period - Eric Staal wins face-off versus Ryan Kesler in Penguins zone.
19:40 of 3rd period - Snap shot by Alexander Semin.
19:40 of 3rd period - Stopped by Josh Tordjman with a rebound.
19:42 of 3rd period - Snap shot by Eric Staal.
19:42 of 3rd period - Stopped by Josh Tordjman with a rebound.
19:44 of 3rd period - Snap shot by David Backes.
19:44 of 3rd period - Stopped by Josh Tordjman without a rebound.
19:45 of 3rd period - Steven Stamkos wins face-off versus Eric Staal in Penguins zone.
Goals for this period are 0 for Penguins vs 1 for Flames.
Shots for this period are 6 for Penguins vs 15 for Flames.